 Dungeon Crawl Stone Soup version 0.20.1-1-g8b1a95d (webtiles) character file.

156 karf the Caller (level 5, -3/36 HPs)
             Began as a Merfolk Summoner on Oct 28, 2017.
             Slain by an orc priest
             ... wielding a +0 flail
              (5 damage)
             ... on level 3 of the Dungeon.
             The game lasted 00:13:52 (2587 turns).

karf the Caller (Merfolk Summoner)                  Turns: 2587, Time: 00:13:52

Health: -3/36      AC:  3    Str:  8    XL:     5   Next: 37%
Magic:  7/9        EV: 14    Int: 15    God:
Gold:   161        SH:  0    Dex: 15    Spells: 8/9 levels left

rFire    . . .     SeeInvis .   m - +2 dagger (venom)
rCold    . . .     Gourm    .   (no shield)
rNeg     . . .     Faith    .   a - +0 robe
rPois    .         Spirit   .   (no helmet)
rElec    .         Reflect  .   (no cloak)
rCorr    .         Harm     .   p - +0 pair of gloves
MR       .....                  (no boots)
Stlth    +++.......             (no amulet)
Regen    0.2/turn               h - ring of flight
MPRegen  0.2/turn               (no ring)

@: no status effects
A: change form in water, swift swim, stealthy swim
a: Evoke Flight


You were on level 3 of the Dungeon.
You were hungry.

You visited 1 branch of the dungeon, and saw 3 of its levels.

You collected 161 gold pieces.

Inventory:

Hand Weapons
 i - a +0 dagger
 m - a +2 dagger of venom (weapon)
Armour
 a - a +0 robe (worn)
 p - a +0 pair of gloves (worn)
Jewellery
 h - a ring of flight (left hand)
 n - an uncursed ring of protection from cold {unknown}
Scrolls
 d - a scroll of fog {unknown}
 e - 4 scrolls of identify {unknown}
 f - 3 scrolls of enchant weapon {unknown}
 g - a scroll of blinking {unknown}
 j - a scroll of immolation {unknown}
Potions
 l - a potion of heal wounds
 o - a potion of mutation {unknown}
Books
 b - a book of Callings

   Spells                             Type                      Level
   a - Summon Small Mammal            Summoning                    1
   b - Call Imp                       Summoning                    2
   c - Call Canine Familiar           Summoning                    3
   d - Summon Guardian Golem          Hexes/Summoning              3
   e - Summon Lightning Spire         Summoning/Air                4
   f - Summon Ice Beast               Ice/Summoning                4
Comestibles
 c - 2 bread rations
 k - 3 royal jellies


   Skills:
 + Level 0.9 Fighting
 + Level 4.1 Dodging
 - Level 4.0 Stealth
 + Level 2.7 Spellcasting
 + Level 4.5 Summonings


You had 8 spell levels left.
You knew the following spells:

 Your Spells              Type           Power        Failure   Level  Hunger
a - Summon Small Mammal   Summ           ###.         3%          1    #......


Dungeon Overview and Level Annotations

Branches:
Dungeon (3/15)

Altars:


Message History

The orc priest closely misses you. Natasha barely misses you.
You hit Natasha but do no damage.
Natasha looks as sick as possible!
Natasha is almost dead.
You kill Natasha!
Natasha screams in fury as she dies!
Your bat hits the orc priest but does no damage.
The orc misses you. The orc hits you but does no damage.
Your bat closely misses the orc priest.
The orc priest misses you. The orc closely misses you.
The orc closely misses your bat.
You hit the orc priest.
The orc priest is severely wounded.
Your bat closely misses the orc.
The orc priest mumbles some strange prayers to Beogh against you.
Beogh smites you!
* * * LOW HITPOINT WARNING * * *
The orc barely misses you.
The orc hits you with an enchanted hand axe.
* * * LOW HITPOINT WARNING * * *
The orc priest hits you with a flail.
You die...

#.##......)+
##.##.......# .....
#...........# ....
#..##....<..# ... #
#..##.......# ... ..
#..##......r######o# #
..
#..........bb§h.o..###.#
..
#.######..########.....#
.. #.# #....@.ooo....#
.. #.# ##....oo###+###
.. #.# #########.b... ..
#.# ...... #...... #.#
.#.... ........ #.# ....
#.#####. #.# #..# .#.#
+... #.# #..####.#.#
#... #.####.......#.#
#...


You could see an orc priest, 4 orcs and a friendly bat.

Vanquished Creatures
  Jessica (D:2)
  Natasha (D:3)
  2 adders (D:3)
  An ooze (D:2)
  4 dart slugs
  4 giant cockroaches
  3 goblins
  A hobgoblin (D:2)
  2 quokkas
  A ball python (D:3)
  3 bats
  3 frilled lizards
  A kobold (D:2)
  5 rats
32 creatures vanquished.

Vanquished Creatures (collateral kills)
  A worker ant (D:2)
  2 adders
  3 worms
  A dart slug (D:1)
  3 bats (D:1)
  5 giant cockroaches
  A goblin (D:1)
  5 hobgoblins
  2 jackals (D:1)
  A quokka (D:2)
  4 frilled lizards
  3 kobolds (D:1)
  4 rats
35 creatures vanquished.

Grand Total: 67 creatures vanquished

Notes
Turn   | Place    | Note
-------+----------+-------------------------------------------
     0 | D:1      | karf the Merfolk Summoner began the quest for the Orb.
     0 | D:1      | Reached XP level 1. HP: 13/13 MP: 3/3
   384 | D:1      | Reached XP level 2. HP: 19/19 MP: 0/5
  1036 | D:2      | Reached XP level 3. HP: 19/24 MP: 4/6
  1632 | D:2      | Reached XP level 4. HP: 30/30 MP: 7/7
  1774 | D:2      | Noticed Jessica
  1794 | D:2      | Killed Jessica
  2256 | D:3      | Reached XP level 5. HP: 28/35 MP: 7/9
  2559 | D:3      | Noticed Natasha
  2584 | D:3      | Killed Natasha
  2587 | D:3      | Slain by an orc priest

Skill      XL: |  1  2  3  4  5 |
---------------+----------------+-----
Dodging        | 3 4 |  4.1
Stealth        | 3 4 |  4.0
Fighting       | |  0.9
Spellcasting   | |  2.7
Summonings     | |  4.5

Action                   |  1- 3 |  4- 6 || total
-------------------------+-------+-------++-------
Melee: Unarmed           |     6 |       ||     6
       Dagger            |   108 |    76 ||   184
 Cast: Summon Small Mamm |    57 |    19 ||    76
  Use: Potion            |     2 |       ||     2
 Stab: Sleeping          |     2 |     8 ||    10
       Distracted        |     1 |     2 ||     3
  Eat: Chunk             |     3 |     3 ||     6
Armor: Robe              |    31 |    13 ||    44
Dodge: Dodged            |   110 |    46 ||   156
